AoeStats
← Shadoweye - Allkeyshop

Black Forest

509966147Analyzed
4v4 RM · 4d ago on Sep 28, 2026· 60m 2s· 8 players
Game mode
Random Map
Map size
Large (8 player)
Population
200
Speed
Normal
Resources
Standard
Victory
Conquest
Starting age
Dark Age
Ending age
Imperial Age
RankedLock teamsTeams togetherTeam positionsShared explorationLock speedFull tech treeHidden civsTurbo modeCheats
Victory
Defeat
🇨🇱 Mongols · Chile
812
+13
🇵🇪 Britons · Peru
735
+16
🇵🇹 Portuguese · Portugal
725
+16
🇪🇨 Danes · Ecuador
698
+17
🇹🇷 Vikings · Türkiye
841
-20
🇺🇸 Portuguese · United States
806
-19
🇹🇷 Goths · Türkiye
648
-12
🇩🇪 Bohemians · Germany
629
-11
CPDciv
16:23 Feudal Age
21:24 Castle Age
19:12 Double-Bit Axe
19:13 Horse Collar
20:40 Stone Mining
23:05 Gold Mining
23:31 Bow Saw
24:49 Wheelbarrow
24:54 Gold Shaft Mining
31:00 Heavy Plow
31:43 Hand Cart
37:38 Imperial Age
36:05 Elite Skirmisher
36:38 Fletching
38:15 Yeomen
38:42 Bodkin Arrow
38:50 Padded Archer Armor
38:24 Pikeman
39:05 Squires
38:51 Gambesons
38:52 Arson
38:48 Cranequins
38:49 Heavy Mounted Crossbowman
39:53 Conscription
39:36 Warwolf
39:55 Leather Archer Armor
39:41 Bracer
41:15 Scale Barding Armor
41:41 Ring Archer Armor
41:26 Forging
43:21 Iron Casting
42:47 Scale Mail Armor
43:08 Halberdier
45:35 Blast Furnace
44:50 Chain Mail Armor
44:56 Chain Barding Armor
46:44 Plate Mail Armor
46:49 Plate Barding Armor
46:12 Elite Longbowman
48:29 Chemistry
48:02 Ballistics
KAISER962605
0:50 Loom
12:58 Feudal Age
13:32 Double-Bit Axe
14:36 Horse Collar
18:27 Gold Mining
23:23 Castle Age
22:14 Forging
24:44 Bow Saw
26:02 Stone Mining
27:27 Stone Shaft Mining
27:28 Gold Shaft Mining
28:22 Heavy Plow
28:57 Fletching
33:53 Hamask
36:32 Caravan
37:03 Coinage
37:12 Wheelbarrow
42:26 Imperial Age
40:16 Hand Cart
43:00 Elite Jomsviking
44:14 Onager
46:45 Banking
47:46 Chemistry
47:06 Ballistics
49:44 Capped Ram
51:35 Iron Casting
51:00 Scale Mail Armor
51:49 Siege Ram
53:52 Heavy Mounted Crossbowman
54:44 Cranequins
55:31 Thumb Ring
yenepu
0:28 Loom
16:25 Feudal Age
16:58 Fishing Lines
17:57 Horse Collar
20:05 Double-Bit Axe
27:30 Castle Age
25:23 Stone Mining
25:27 Gold Mining
26:17 Wheelbarrow
30:10 Stone Shaft Mining
31:12 Bow Saw
32:04 Caravan
33:09 Gillnets
34:45 Heavy Plow
35:34 Treadmill Crane
36:06 Fortified Wall
35:52 Murder Holes
38:39 Imperial Age
36:35 Hand Cart
37:09 Padded Archer Armor
37:00 Fletching
37:41 Ballistics
37:36 Masonry
38:56 Coinage
38:46 Leather Archer Armor
38:28 Bodkin Arrow
40:29 Chemistry
39:54 Conscription
39:43 Arquebus
41:01 Siege Engineers
40:30 Pikeman
40:55 Arson
42:25 Two-Man Saw
42:07 Crop Rotation
42:30 Elite Organ Gun
42:51 Elite Skirmisher
44:14 Ring Archer Armor
44:23 Bracer
46:00 Architecture
45:46 Forging
45:37 Scale Mail Armor
46:06 Onager
50:05 Chain Mail Armor
50:25 Iron Casting
53:05 Heated Shot
53:06 Guard Tower
53:36 Bombard Tower
53:22 Siphons
53:28 Clinker Construction
53:29 Careening
53:56 Banking
53:34 Scale Barding Armor
53:59 Plate Mail Armor
57:02 Guilds
57:13 Chain Barding Armor
57:54 Blast Furnace
56:59 Circumnavigation
56:29 Sappers
56:24 Halberdier
56:25 Man-at-Arms
56:50 Gambesons
56:30 Crossbowman
57:15 Thumb Ring
58:22 Elite Caravel
59:13 Medium Warships
59:23 Medium Warships
60:36 Keep
60:22 Carvel Hull
60:22 Dry Dock
60:15 Fervor
60:06 Atonement
60:22 Block Printing
59:59 Town Watch
60:38 Sanctity
OvertChunk95
12:08 Feudal Age
10:24 Loom
16:42 Castle Age
14:44 Horse Collar
14:53 Double-Bit Axe
18:06 Wheelbarrow
25:40 Heavy Plow
31:07 Imperial Age
29:57 Bow Saw
31:01 Hand Cart
31:46 Gold Mining
31:47 Stone Mining
31:50 Fletching
32:01 Padded Archer Armor
32:49 Bodkin Arrow
33:17 Ballistics
34:16 Bracer
34:38 Conscription
35:00 Drill
35:08 Caravan
36:51 Gold Shaft Mining
36:52 Stone Shaft Mining
36:43 Leather Archer Armor
36:05 Onager
38:29 Chemistry
37:22 Town Watch
37:52 Forging
38:04 Husbandry
38:15 Bloodlines
38:16 Thumb Ring
39:06 Elite Mangudai
39:10 Capped Ram
40:46 Parthian Tactics
41:16 Siege Onager
45:59 Siege Engineers
48:50 Siege Ram
56:06 Hoardings
RogueShelf83664
0:29 Loom
13:20 Feudal Age
13:47 Double-Bit Axe
13:45 Horse Collar
16:38 Wheelbarrow
22:11 Castle Age
24:28 Bow Saw
24:23 Heavy Plow
24:44 Hand Cart
31:37 Stone Mining
33:55 Caravan
38:41 Imperial Age
36:57 Circumnavigation
39:27 Gold Mining
40:12 Stone Shaft Mining
39:05 Elite Organ Gun
40:07 Conscription
40:28 Arquebus
48:37 Scale Barding Armor
48:43 Forging
49:40 Chain Barding Armor
49:55 Iron Casting
48:49 Pikeman
49:15 Gambesons
49:16 Arson
49:28 Cavalier
50:09 Husbandry
50:19 Bloodlines
50:17 Cavalier
51:56 Ballistics
51:27 Heated Shot
51:07 Onager
52:59 Plate Barding Armor
53:24 Blast Furnace
54:38 Fortified Wall
55:32 Chemistry
Zedarr
0:26 Loom
14:00 Feudal Age
17:37 Double-Bit Axe
20:11 Castle Age
19:12 Fishing Lines
19:17 Horse Collar
21:51 Caravan
24:28 Gillnets
25:08 Heavy Plow
25:37 Bow Saw
29:53 Gold Mining
29:58 Stone Mining
31:05 Squires
30:26 Pikeman
30:58 Arson
30:34 Man-at-Arms
34:03 Imperial Age
32:17 Long Swordsman
33:34 Town Watch
33:49 Fletching
33:59 Padded Archer Armor
34:10 Forging
34:01 Scale Mail Armor
34:09 Chieftains
33:55 Crossbowman
34:03 Elite Skirmisher
34:34 Two-Handed Swordsman
34:54 Capped Ram
35:28 Treadmill Crane
36:09 Ballistics
35:57 Siege Engineers
37:41 Leather Archer Armor
37:21 Bodkin Arrow
38:02 Iron Casting
37:44 Chain Mail Armor
38:02 Conscription
38:04 Champion
39:00 Siege Ram
41:28 Chemistry
40:31 Elite Varangian Guard
43:37 Arbalester
48:33 Elite Berserk
Shadoweye - Allkeyshop
1:23 Loom
12:41 Feudal Age
13:12 Double-Bit Axe
21:43 Castle Age
20:14 Padded Archer Armor
20:05 Fletching
20:03 Horse Collar
22:47 Bow Saw
22:40 Heavy Plow
23:36 Husbandry
23:46 Scale Barding Armor
24:43 Forging
26:29 Wheelbarrow
25:53 Town Watch
28:00 Hand Cart
31:21 Town Patrol
32:23 Chemistry
33:10 Ballistics
35:15 Caravan
37:46 Arson
38:02 Squires
41:37 Imperial Age
40:14 Masonry
40:00 Murder Holes
40:34 Chain Barding Armor
41:10 Wagenburg Tactics
40:45 Pikeman
42:19 Leather Archer Armor
41:59 Bodkin Arrow
42:02 Elite Hussite Wagon
43:26 Fortified Wall
44:44 Two-Man Saw
44:19 Conscription
45:09 Cavalier
46:26 Ring Archer Armor
45:58 Bracer
48:00 Houfnice
gokhandg100
15:28 Feudal Age
20:39 Horse Collar
20:56 Double-Bit Axe
24:22 Castle Age
23:22 Scale Barding Armor
24:09 Forging
25:04 Wheelbarrow
28:18 Hand Cart
28:18 Heavy Plow
31:30 Bow Saw
32:35 Caravan
37:23 Imperial Age
35:43 Iron Casting
36:50 Gold Mining
40:16 Blast Furnace
39:18 Scale Mail Armor
43:15 Chain Mail Armor
43:22 Chain Barding Armor
44:13 Elite Huskarl
46:08 Crop Rotation
46:41 Two-Man Saw
46:07 Bloodlines
45:18 Light Cavalry
47:50 Hussar
Connection lost

Rejoining the realm…

Still unreachable

The connection could not be restored.

Session expired

The server has moved on; the page needs a fresh start.